 Dungeon Crawl Stone Soup version 0.27-a0-661-gca034ae587 (webtiles) character file.

Game seed: 4674906564757036497

764 Areduval the Skirmisher (level 7, -11/61 HPs)
             Began as a Demigod Warper on Mar 16, 2021.
             Killed by divine providence
             ... invoked by an orc priest
              (15 damage)
             ... on level 5 of the Dungeon on Mar 17, 2021.
             The game lasted 00:20:39 (6574 turns).

Areduval the Skirmisher (Demigod Warper)            Turns: 6574, Time: 00:20:40

Health: -11/61     AC:  6    Str: 20    XL:     7   Next: 26%
Magic:  13/13      EV: 11    Int: 15    God:
Gold:   276        SH:  0    Dex: 13    Spells: 5/10 levels left

rFire    . . .     SeeInvis .   a - +0 spear
rCold    . . .     Faith    .   (no shield)
rNeg     . . .     Spirit   .   m - +1 ring mail {Will+}
rPois    .         Reflect  .   (no helmet)
rElec    .         Harm     .   (no cloak)
rCorr    .         Rampage  .   (no gloves)
Will     +....                  (no boots)
Stlth    +.........             (no amulet)
HPRegen  0.20/turn              (no ring)
MPRegen  0.13/turn              (no ring)

@: attractive
A: high mp 1, forlorn
a: no special abilities


You were on level 5 of the Dungeon.
You visited 1 branch of the dungeon, and saw 5 of its levels.
You also visited: Ossuary.

You collected 276 gold pieces.

Inventory:

Hand Weapons
 a - a +0 spear (weapon)
Missiles
 e - 5 boomerangs of dispersal (quivered)
Armour
 g - a +1 scale mail of cold resistance
 m - a +1 ring mail of willpower (worn)
Wands
 i - a wand of paralysis (11)
Scrolls
 b - 2 scrolls of fog
 d - 2 scrolls of blinking
 f - 3 scrolls of magic mapping
 h - 4 scrolls of teleportation
 n - 2 scrolls of noise {unknown}
 o - 2 scrolls of enchant armour {unknown}
 p - 4 scrolls of random uselessness
 q - a scroll of amnesia {unknown}
 s - a scroll of acquirement {unknown}
 x - a scroll of enchant weapon {unknown}
Potions
 c - 2 potions of might
 j - 3 potions of curing {unknown}
 k - a potion of ambrosia {unknown}
 l - a potion of degeneration {unknown}
 r - 3 potions of brilliance
 t - 2 potions of attraction
 u - 3 potions of heal wounds {unknown}
 v - 2 potions of cancellation
 w - a potion of resistance {unknown}
 z - a potion of mutation {unknown}


   Skills:
 + Level 5.5 Fighting
 + Level 5.5 Polearms
 - Level 1.0 Throwing
 - Level 0.8 Armour
 - Level 1.7 Dodging
 - Level 2.0 Spellcasting
 - Level 3.0 Translocations


You had 5 spell levels left.
You knew the following spells:

 Your Spells              Type           Power      Damage    Failure   Level
a - Blink                 Tloc           N/A        N/A       16%         2
b - Teleport Other        Tloc           10%        N/A       32%         3

Your spell library contained the following spells:

 Spells                   Type           Power      Damage    Failure   Level
 Gell's Gravitas          Tloc           5%         N/A       32%         3
 Lesser Beckoning         Tloc           5%         N/A       32%         3
 Manifold Assault         Tloc           10%        N/A       71%         4


Dungeon Overview and Level Annotations

Branches:
Dungeon (5/15)            Ossuary (visited)
 Temple: D:4-7

Shops:
D:4 =(


Innate Abilities, Weirdness & Mutations

Your attributes grow dramatically as you level up.
You have an increased reservoir of magic. (+10% MP)
You shall have no god before yourself.


Message History

You completely miss the orc priest.
The orc priest is moderately wounded.
The orc priest casts a cantrip, but nothing happens.
The orc closely misses you. The orc completely misses you.
You hit the orc priest.
The orc priest is heavily wounded.
The orc priest hits you with a +0 flail.
The orc hits you but does no damage. The orc closely misses you.
The orc priest barely misses you.
You hit the orc priest.
The orc priest is severely wounded.
The orc barely misses you. Something hits you but does no damage.
You hit the orc priest but do no damage.
The orc priest is severely wounded.
The orc priest barely misses you.
The orc hits you from afar with a +0 trident.
You hit the orc priest.
The orc priest is severely wounded.
The orc hits you with a +0 falchion. The orc hits you but does no damage.
The orc priest hits you with a +0 flail!
* * * LOW HITPOINT WARNING * * *
You hit the orc priest.
The orc priest is almost dead.
Something hits you.
* * * LOW HITPOINT WARNING * * *
The orc hits you but does no damage. x2
You hit the orc priest but do no damage.
The orc priest is almost dead.
The orc priest completely misses you. The orc barely misses you.
Something hits you.
* * * LOW HITPOINT WARNING * * *
The orc hits you with a +0 short sword.
* * * LOW HITPOINT WARNING * * *
The orc barely misses you.
It was a potion of attraction.
You feel attractive to monsters. The orc barely misses you.
The orc priest calls down the wrath of Beogh upon you.
Beogh smites you!
You die...

**#######*
*,.....>.*
*,.......*
*,.......* ###
*,.......* ######.#
*,.......* ##......#
*,......)####
#..####.#
*****#...o{.## #.##
#.#### ###oo@..###.#
#....# ###o#..#..#
####.. #......## ##.
*** ###....### ##
*,##########....# #
*,.........#..#.#
**########....#.# ##
####.......### ###.
#..>.##..#...####...


You could see an orc priest and 3 orcs.

Vanquished Creatures
  Menkaure (Ossuary)
  An ice beast (D:5)
  A centaur zombie (Ossuary)
  2 hounds
  A centaur skeleton (D:4)
  2 worker ants
  4 ogre zombies (Ossuary)
  6 mummies (Ossuary)
  8 adders
  A gnoll (D:3)
  A shadow imp (D:5)
  5 adder zombies (Ossuary)
  3 worms (D:2)
  3 dart slugs
  6 leopard geckos
  8 orcs
  2 ball pythons (D:4)
  4 giant cockroaches
  2 gnoll zombies (Ossuary)
  13 hobgoblins
  2 quokkas (D:2)
  5 bats
  7 frilled lizards
  8 goblins
  8 goblin zombies (Ossuary)
  3 hobgoblin zombies (Ossuary)
  8 kobolds
  An orc zombie (Ossuary)
  2 quokka zombies (Ossuary)
  7 rats
  4 rat zombies (Ossuary)
129 creatures vanquished.

Notes
Turn   | Place    | Note
-------+----------+-------------------------------------------
     0 | D:1      | Areduval the Demigod Warper began the quest for the Orb.
     0 | D:1      | Reached XP level 1. HP: 17/17 MP: 5/5
    32 | D:1      | Reached skill level 1 in Throwing
   311 | D:1      | Reached XP level 2. HP: 24/24 MP: 7/7
  1206 | D:1      | Reached XP level 3. HP: 29/29 MP: 8/8
  2289 | D:2      | Reached XP level 4. HP: 37/37 MP: 9/9
  2922 | D:2      | Learned a level 2 spell: Blink
  2926 | D:2      | Learned a level 3 spell: Teleport Other
  4232 | D:4      | Reached XP level 5. HP: 36/45 MP: 10/10
  4619 | D:4      | Found Amiecioc's Jewellery Emporium.
  4837 | D:4      | Found Jez Ytacw's Antique Weapon Shop.
  5130 | D:5      | Entered Level 5 of the Dungeon
  5155 | D:5      | Found a sand-covered staircase.
  5179 | Ossuary  | Entered an ossuary
  5313 | Ossuary  | Reached XP level 6. HP: 40/52 MP: 11/11
  5770 | Ossuary  | Noticed Menkaure
  5781 | Ossuary  | Killed Menkaure
  5782 | Ossuary  | Reached skill level 5 in Fighting
  5782 | Ossuary  | Reached skill level 5 in Polearms
  5795 | Ossuary  | Reached XP level 7. HP: 22/61 MP: 13/13
  6574 | D:5      | Killed from afar by an orc priest

Illustrated notes

Levels and vault maps discovered:
D:1:      dpeg_arrival_castle, layout_basic
D:2:      layout_loops_corners, solitary_fountain
D:3:      minmay_inner_zag, layout_rooms,
          chequers_temple_overflow_statue_of_worship,
          amethyst_overflow_temple_binary,
          nicolae_gozag_cash_rules_everything_around_me, uniq_sigmund
D:4:      layout_rooms, serial_shops, kennysheep_little_box,
          nicolae_shop_behind_doors
D:5:      layout_rooms, nicolae_ru_great_annihilating_truth,
          lemuel_zombie_altar_yredelemnul, basic_altar,
          nicolae_ossuary_entry_monument, gup_sewer_entry_glass

Skill      XL: |  1  2  3  4  5  6 |
---------------+-------------------+-----
Throwing       | 1 |  1.0
Fighting       | 2 3 4 5 |  5.5
Polearms       | 2 3 4 5 |  5.5
Spellcasting   | 2 |  2.0
Translocations | 3 |  3.0
Armour         | |  0.8
Dodging        | |  1.7

Action                   |  1- 3 |  4- 6 |  7- 9 || total
-------------------------+-------+-------+-------++-------
Melee: Spear             |   267 |   507 |    90 ||   864
 Cast: Blink             |       |       |     2 ||     2
  Use: Scroll            |       |     7 |     2 ||     9
       Potion            |       |     2 |     1 ||     3
Armor: Plate armour      |   114 |     9 |       ||   123
       Leather armour    |     2 |       |       ||     2
       Ring mail         |       |   125 |    22 ||   147
Dodge: Dodged            |    49 |   161 |    43 ||   253

Table legend: (Time is in decaauts)
 A = Elapsed time spent in this place.
 B = Non-inter-level travel time spent in this place.
 C = Inter-level travel time spent in this place.
 D = Time resting spent in this place.
 E = Time spent auto-exploring this place.
 F = Levels seen in this place.
 G = Mean time per level.
                   A        B        C        D        E       F      G
               +--------+--------+--------+--------+--------+-----+--------+
         Total |   6523 |   6252 |    271 |      0 |   4733 |   6 | 1087.2 |
       Dungeon |   5632 |   5361 |    271 |      0 |   4509 |   5 | 1126.4 |
       Ossuary |    890 |    890 |      0 |      0 |    224 |   1 |  890.0 |
               +--------+--------+--------+--------+--------+-----+--------+

Top non-repeatable levels by time:
     D:2: 1637 daAuts
     D:1: 1595 daAuts
     D:3: 978 daAuts
     D:4: 904 daAuts
 Ossuary: 890 daAuts
     D:5: 516 daAuts
